 Dungeon Crawl Stone Soup version 0.29-a0-653-gd47aff6735 (webtiles) character file.

Game seed: 14867749646111285917

2 DocClef the Caller (level 1, 0/10 HPs)
             Began as a Tengu Summoner on June 21, 2022.
             Slain by a giant cockroach (1 damage)
             ... on level 1 of the Dungeon.
             The game lasted 00:00:12 (60 turns).

DocClef the Caller (Tengu Summoner)                   Turns: 60, Time: 00:00:13

Health: 0/10       AC:  2    Str:  8    XL:     1   Next: 30%
Magic:  3/4        EV: 12    Int: 15    God:
Gold:   0          SH:  0    Dex: 14    Spells: 3/4 levels left

rFire   . . .      SeeInvis .   (no weapon)
rCold   . . .      Faith    .   (no shield)
rNeg    . . .      Spirit   .   a - +0 robe
rPois   .          Reflect  .   (helmet restricted)
rElec   .          Harm     .   (no cloak)
rCorr   .          Rampage  .   (no gloves)
Will    .....                   (boots unavailable)
Stlth   ++........              (no amulet)
HPRegen 0.03/turn               (no ring)
MPRegen 0.09/turn               (no ring)

@: no status effects
A: beak, talons 3
a: no special abilities


You were on level 1 of the Dungeon.
You visited 1 branch of the dungeon, and saw 1 of its levels.

Inventory:

Armour
 a - a +0 robe (worn)
Potions
 b - a potion of magic
 c - a potion of degeneration {unknown}


   Skills:
 - Level 2.1 Dodging
 - Level 2.0 Stealth
 - Level 2.0 Spellcasting
 + Level 5.0 Summonings


You had 3 spell levels left.
You knew the following spells:

 Your Spells              Type           Power      Damage    Failure   Level
a - Summon Small Mammal   Summ           64%        N/A       2%          1

Your spell library contained the following spells:

 Spells                   Type           Power      Damage    Failure   Level
 Call Imp                 Summ           16%        N/A       4%          2
 Call Canine Familiar     Summ           16%        N/A       9%          3
 Summon Guardian Golem    Hex/Summ       9%         N/A       24%         3
 Summon Lightning Spire   Summ/Air       9%         N/A       61%         4


Dungeon Overview and Level Annotations

Branches:
Dungeon (1/15)

Altars:


Innate Abilities, Weirdness & Mutations

You have a beak for a mouth.
You have claws for feet.


Message History

Your quokka bites the giant cockroach but does no damage.
You closely miss the giant cockroach.
You claw the giant cockroach, but do no damage.
You peck the giant cockroach, but do no damage.
The giant cockroach closely misses you.
Your quokka barely misses the goblin.
Your quokka barely misses the giant cockroach.
The hobgoblin hits your quokka but does no damage.
The goblin misses your quokka.
You hit the giant cockroach but do no damage.
Your kick misses the giant cockroach. The giant cockroach closely misses you.
Your quokka closely misses the goblin.
Your quokka bites the hobgoblin.
The hobgoblin hits your quokka.
Your quokka dies!
Your quokka's corpse disappears in a puff of smoke!
You hit the goblin. Your kick misses the goblin. Your peck misses the goblin.
The goblin is moderately wounded.
The giant cockroach bites you but does no damage. x2
The goblin closely misses you.
The hobgoblin hits your quokka but does no damage.
You barely miss the goblin. You peck the goblin, but do no damage.
The goblin is moderately wounded.
Your quokka closely misses the hobgoblin.
The giant cockroach barely misses you. The hobgoblin hits your quokka.
Your quokka dies!
Your quokka's corpse disappears in a puff of smoke!
The goblin hits you with a +0 dagger.
You closely miss the goblin. Your peck misses the goblin.
The goblin is moderately wounded.
The giant cockroach bites you. The goblin hits you with a +0 dagger.
You are too injured to fight recklessly!
The hobgoblin attacks as you move away! The hobgoblin hits you.
* * * LOW HITPOINT WARNING * * *
The giant cockroach attacks as you move away!
The giant cockroach bites you.
* * * LOW HITPOINT WARNING * * *
The goblin attacks as you move away! The goblin hits you with a +0 dagger.
* * * LOW HITPOINT WARNING * * *
The giant cockroach attacks as you move away!
The giant cockroach closely misses you. The giant cockroach bites you.
You die...

###########
#......... ..
#........ ...
#....... ....#......
....#.....
.........#
.........#######
.........gB@...####
.....?...g###.##..##
..........#
#.#....## ##+##
..........#
#§#....####...##
..........#
#§§....#8#..>..#
......###.#
#.'....'.'..<..'
...... #.#
#.'..#.#8#.....#
...... #.#
###....####...##
...... #.# #....##
##'##


You could see a giant cockroach, a hobgoblin and a goblin.

Vanquished Creatures
  A frilled lizard (D:1)
  A rat (D:1)
2 creatures vanquished.

Vanquished Creatures (collateral kills)
  A frilled lizard (D:1)
1 creature vanquished.

Grand Total: 3 creatures vanquished

Notes
Turn   | Place    | Note
-------+----------+-------------------------------------------
     0 | D:1      | DocClef the Tengu Summoner began the quest for the Orb.
     0 | D:1      | Reached XP level 1. HP: 10/10 MP: 4/4
    52 | D:1      | Reached skill level 5 in Summonings
    60 | D:1      | Slain by a giant cockroach

Illustrated notes

Levels and vault maps discovered:
D:1:      shiori_arrival_elements, layout_basic, minmay_misc_feat_four_crosses,
          minivault_11, minivault_24

Skill      XL: |  1 |
---------------+----+-----
Summonings     | 5 |  5.0
Dodging        | |  2.1
Stealth        | |  2.0
Spellcasting   | |  2.0

Action                   || total
-------------------------++-------
Melee: Unarmed           ||    15
       Peck              ||     4
       Kick              ||     2
 Cast: Summon Small Mamm ||     2
Armor: Robe              ||     2
Dodge: Dodged            ||    15

Table legend: (Time is in decaauts)
 A = Elapsed time spent in this place.
 B = Non-inter-level travel time spent in this place.
 C = Inter-level travel time spent in this place.
 D = Time resting spent in this place.
 E = Time spent auto-exploring this place.
 F = Levels seen in this place.
 G = Mean time per level.
                   A        B        C        D        E       F      G
               +--------+--------+--------+--------+--------+-----+--------+
         Total |     60 |     60 |      0 |      0 |     33 |   1 |   60.0 |
       Dungeon |     60 |     60 |      0 |      0 |     33 |   1 |   60.0 |
               +--------+--------+--------+--------+--------+-----+--------+

Top non-repeatable levels by time:
     D:1: 60 daAuts
